 Dungeon Crawl Stone Soup version 0.19-a0-854-gc78d25d (webtiles) character file.

3528 Gruud the Carver (level 9, 0/61 HPs)
             Began as a Demonspawn Gladiator on July 1, 2016.
             Was a Believer of Uskayaw.
             Slain by a manticore (16 damage)
             ... on level 8 of the Dungeon.
             The game lasted 00:21:34 (7074 turns).

Gruud the Carver (Demonspawn Gladiator)             Turns: 7074, Time: 00:21:35

Health: 0/61       AC: 16    Str: 15    XL:     9   Next: 82%
Magic:  0/23       EV:  8    Int: 14    God:    Uskayaw [**....]
Gold:   390        SH:  0    Dex: 13    Spells: 0 memorised, 8 levels left

rFire  . . .     SeeInvis .     a - +3 long sword
rCold  . . .     Gourm    .     v - +0 shadow dragon armour
rNeg   . . .     Faith    .     (no shield)
rPois  .         Spirit   +     (helmet restricted)
rElec  .         Dismiss  .     H - +0 cloak
rCorr  .         Reflect  .     (no gloves)
SustAt .         Harm     .     y - +0 pair of boots
MR     +....                    g - amulet of guardian spirit
Stlth  ++........               C - ring of magical power
                                t - ring of protection from magic

@: somewhat resistant to hostile enchantments, unstealthy
A: antennae 2, icy blue scales 1, powered by death 1
a: Stomp, Line Pass, Renounce Religion


You were on level 8 of the Dungeon.
You worshipped Uskayaw.
Uskayaw was pleased with you.
You were not hungry.

You visited 2 branches of the dungeon, and saw 9 of its levels.

You collected 390 gold pieces.

Inventory:

Hand Weapons
 a - a +3 long sword (weapon)
 b - a +2 rapier of protection
Missiles
 d - 3 throwing nets (quivered)
 m - 33 poisoned needles
Armour
 i - a +0 scale mail
 v - a +0 shadow dragon armour (worn)
 y - a +0 pair of boots (worn)
 H - a +0 cloak (worn)
 L - a +0 leather armour
Magical Staves
 l - an uncursed staff of cold
Jewellery
 c - an uncursed ring of protection from cold
 g - an amulet of guardian spirit (around neck)
 n - an uncursed ring of sustain attributes
 t - a ring of protection from magic (left hand)
 C - a ring of magical power (right hand)
 O - an uncursed ring of teleportation
Wands
 k - a wand of random effects (21/48)
 I - a wand of flame (8/48)
 N - a wand of acid (6/15)
 P - a wand of flame (18/48)
Scrolls
 h - 2 scrolls of fog
 p - 2 scrolls of magic mapping
 w - 4 scrolls of recharging
 G - a scroll of remove curse
 M - a scroll of identify
Potions
 e - a potion of brilliance
 j - 2 potions of ambrosia
 o - a potion of might
 r - a potion of flight
 z - 3 potions of curing
 A - a potion of mutation {unknown}
 E - a potion of berserk rage {unknown}
 J - a potion of cure mutation {unknown}
 K - a potion of haste {unknown}
Books
 D - a book of the Warp

   Spells                             Type                      Level
   a - Recall                         Summoning/Translocation      3
   b - Gell's Gravitas                Hexes/Translocation          3
   c - Force Lance                    Conjuration/Translocation    4
   d - Warp Weapon                    Charms/Translocation         5
   e - Summon Forest                  Summoning/Translocation      5
Comestibles
 f - 7 bread rations
 q - 4 meat rations
 s - 7 fruits
 u - 5 beef jerkies
 B - a royal jelly
 F - 8 slices of pizza
 Q - a chunk of flesh


   Skills:
 - Level 2.0 Fighting
 * Level 10.1 Long Blades
 - Level 1.7 Throwing
 + Level 6.1 Armour
 - Level 3.1 Dodging
 + Level 7.6 Invocations


You had 8 spell levels left.
You didn't know any spells.

Dungeon Overview and Level Annotations

Branches:
Dungeon (8/15)             Temple (1/1) D:4
   Lair: D:8-11

Altars:
Ashenzari
Cheibriados
Dithmenos
Elyvilon
Fedhas
Gozag
Hepliaklqana
Kikubaaqudgha
Makhleb
Nemelex Xobeh
Okawaru
Pakellas
Qazlal
Ru
Sif Muna
Uskayaw
Vehumet
Xom
Yredelemnul
Zin


Innate Abilities, Weirdness & Mutations

You have a pair of antennae on your head.
You are partially covered in icy blue scales. (AC +1)
You regenerate a little health from kills.


Message History

The manticore bites you!
* * * LOW HITPOINT WARNING * * *
The manticore claws you.
* * * LOW HITPOINT WARNING * * *
The manticore claws you but does no damage.
You can now pass through a line of other dancers.
You don't have enough magic at the moment.
Okay, then.
You feel much better. The manticore completely misses you.
The manticore claws you but does no damage.
The manticore claws you.
You hit the manticore but do no damage.
The manticore is severely wounded.
The manticore bites you!
* * * LOW HITPOINT WARNING * * *
The manticore claws you but does no damage. x2
You slash the manticore!
The manticore is almost dead.
The manticore bites you!
You die...

......>.....)...)..#
###...########.....#
# ###.###...##.....#
# #.##.....#.....# #
#)##.....'..8..+ { #
#†##.....#.....# #
#.###...##.....# #
#.# ########'### #
#.#####.# #.@H# #
#.......##.....# #
##########.....# #
#^....# ##...##
#####


You could see a manticore.

Vanquished Creatures
  A human (D:7)
  2 yaks (D:7)
  3 hippogriffs
  Edmund (D:6)
  A black bear (D:8)
  2 sky beasts (D:8)
  2 orc warriors (D:6)
  5 ogres
  2 phantoms (D:7)
  The ghost of Shenda the Ruffian, an amateur DrTm (D:3)
  A centaur (D:5)
  5 giant frogs
  2 scorpions
  3 wights (D:7)
  A howler monkey (D:5)
  2 crimson imps
  A giant frog zombie (D:6)
  A centaur zombie (D:8)
  An orc priest (D:3)
  Ijyb (D:3)
  2 giant frog skeletons
  3 hounds
  2 iguanas
  Terence (D:3)
  An orc wizard (D:6)
  4 worker ants
  A killer bee zombie (D:6)
  2 sheep (D:7)
  4 gnolls (D:8)
  5 adders
  A shadow imp (D:5)
  A white imp (D:5)
  An ooze (D:3)
  An adder zombie (D:6)
  A worm (D:2)
  2 dart slugs
  6 giant geckos
  9 orcs
  5 giant cockroaches
  7 goblins
  10 hobgoblins
  10 jackals
  2 quokkas
  11 bats
  A giant gecko skeleton (D:3)
  A giant gecko zombie (D:7)
  2 giant newts
  11 kobolds
  A quokka skeleton (D:6)
  7 rats
153 creatures vanquished.

Notes
Turn   | Place    | Note
-------+----------+-------------------------------------------
     0 | D:1      | Gruud the Demonspawn Gladiator began the quest for the Orb.
     0 | D:1      | Reached XP level 1. HP: 16/16 MP: 1/1
   152 | D:1      | Reached skill level 3 in Long Blades
   186 | D:1      | Gained mutation: You are partially covered in icy blue scales. (AC +1) [demonic ancestry]
   186 | D:1      | Reached XP level 2. HP: 11/22 MP: 2/2
   601 | D:2      | Reached XP level 3. HP: 27/27 MP: 3/3
   666 | D:2      | Reached skill level 4 in Long Blades
   811 | D:2      | Reached XP level 4. HP: 18/33 MP: 1/4
  1254 | D:3      | Noticed Terence
  1272 | D:3      | Killed Terence
  1305 | D:3      | Noticed Ijyb
  1339 | D:3      | Killed Ijyb
  1382 | D:3      | Reached skill level 5 in Long Blades
  1387 | D:3      | Gained mutation: You have a pair of small antennae on your head. [demonic ancestry]
  1387 | D:3      | Reached XP level 5. HP: 37/38 MP: 3/5
  1472 | D:3      | Reached skill level 1 in Armour
  1474 | D:3      | Noticed Shenda's ghost (amateur DrTm)
  1591 | D:3      | Killed Shenda's ghost
  1591 | D:3      | Reached XP level 6. HP: 32/44 MP: 6/6
  2567 | D:4      | Found a staircase to the Ecumenical Temple.
  2584 | Temple   | Entered the Ecumenical Temple
  2849 | D:4      | Found a hide-covered altar of Uskayaw.
  2865 | D:4      | Reached skill level 6 in Long Blades
  2877 | D:4      | Became a worshipper of Uskayaw the Reveler
  2898 | D:4      | Reached * piety under Uskayaw
  2956 | D:4      | Reached ** piety under Uskayaw
  2957 | D:4      | Reached skill level 1 in Invocations
  3278 | D:5      | Entered Level 5 of the Dungeon
  3361 | D:5      | Gained mutation: You have a pair of antennae on your head. [demonic ancestry]
  3361 | D:5      | Reached XP level 7. HP: 47/50 MP: 8/8
  3635 | D:5      | Found a hazy altar of Hepliaklqana.
  3996 | D:5      | Found a stormy altar of Qazlal.
  4000 | D:5      | Found a blossoming altar of Fedhas.
  4065 | D:5      | Reached skill level 7 in Long Blades
  4569 | D:6      | Reached XP level 8. HP: 6/56 MP: 1/10
  4865 | D:6      | Reached *** piety under Uskayaw
  5198 | D:6      | Noticed Edmund
  5222 | D:6      | Killed Edmund
  5222 | D:6      | Reached skill level 8 in Long Blades
  5453 | D:6      | Reached skill level 5 in Invocations
  6107 | D:7      | Gained mutation: You regenerate a little health from kills. [demonic ancestry]
  6107 | D:7      | Reached XP level 9. HP: 53/61 MP: 13/13
  6148 | D:7      | Reached skill level 5 in Armour
  6278 | D:7      | Reached skill level 9 in Long Blades
  6286 | D:7      | Reached **** piety under Uskayaw
  6944 | D:8      | Reached skill level 10 in Long Blades
  7055 | D:8      | Noticed a manticore
  7074 | D:8      | Slain by a manticore

Vault maps used:
D:1:      minmay_arrival_plants_in_alcoves, minmay_tetromino_t2
D:3:      first_bread, uniq_terence, uniq_iyjb
D:4:      eat_drink_and_be_merry_uskayaw, lemuel_old_faithful
D:5:      grunt_temple_overflow_forces_of_nature, lemuel_round_altar,
          minmay_fire_ice_demons
D:6:      kennysheep_generic_room_2, uniq_edmund
D:7:      grunt_livestock
D:8:      tso_altar, marbit_many_paths, minmay_three_doors
Temple:   eino_temple_rhombus

Skill      XL: |  1  2  3  4  5  6  7  8  9 |
---------------+----------------------------+-----
Long Blades    | 3 4 5 6 7 8 10 | 10.1
Dodging        | 3 |  3.1
Armour         | 1 2 3 4 6 |  6.1
Invocations    | 1 3 5 7 |  7.6
Fighting       | |  2.0
Throwing       | |  1.7

Action                   |  1- 3 |  4- 6 |  7- 9 || total
-------------------------+-------+-------+-------++-------
Melee: Long sword        |   136 |   230 |   507 ||   873
Throw: Throwing net      |       |       |     3 ||     3
Invok: Stomp             |       |       |     7 ||     7
       Line Pass         |       |       |     4 ||     4
  Use: Scroll            |     3 |     9 |     6 ||    18
       Potion            |     1 |     1 |     2 ||     4
 Stab: Sleeping          |     2 |     6 |     7 ||    15
       Distracted        |       |     1 |     3 ||     4
       Paralysed         |       |       |    14 ||    14
       Confused          |       |       |     1 ||     1
  Eat: Chunk             |       |     8 |    15 ||    23
Armor: Leather armour    |    59 |       |       ||    59
       Shadow dragon arm |       |   118 |   261 ||   379
       Scale mail        |       |     3 |       ||     3
Dodge: Dodged            |    90 |    65 |   161 ||   316
